Cogmind - Beta 13 @@@ ROGUE MODE // 2024.06.19 @ 22:15:22 Player: Slaith Result: Destroyed by D-53 Grenadier with Mini Grenade Launcher Performance ------------- Evolutions (1) 500 Regions Visited (4) 800 Robots Destroyed (28) 140 Value Destroyed (671) 671 Prototype IDs (1) 20 Alien Tech Used (0) 0 Bonus (25) 25 TOTAL SCORE: 2156 Bonus ------- Follower Combat Kills 25 Cogmind --------- Core Integrity 0/400 Matter 229/300 Energy 100/100 System Corruption 0% Temperature Cool (0) Movement Core (200) Ox3 Location -9/Mines Parts ------- > --- POWER (1) -------- (None) > --- PROPULSION (3) --- (None) > --- UTILITY (3) ------ Medium Storage Unit > --- WEAPON (2) ------- (None) > --- INVENTORY (10) --- Cooled Ion Engine Cooled Ion Engine Aluminum Leg Heat Sink Improved Targeting Computer Hardened Light Armor Plating Tractor Beam Rocket Launcher Maul Peak State ------------ > --- POWER ------------ Cooled Ion Engine > --- PROPULSION ------- Aluminum Leg Aluminum Leg Aluminum Leg > --- UTILITY ---------- Medium Storage Unit Sensor Array Shield Generator > --- WEAPON ----------- Particle Gun Improved Light Cannon > --- INVENTORY -------- Cooled Ion Engine Cooled Ion Engine Aluminum Leg Improved Heat Sink Hardened Light Armor Plating Tractor Beam Heavy Assault Rifle Improved Light Cannon Rocket Launcher Mining Claw [Rating: 16] Favorites ----------- Power Cooled Ion Engine Engine Cooled Ion Engine Propulsion Aluminum Leg Leg Aluminum Leg Utility Medium Storage Unit Device Sensor Array Storage Medium Storage Unit Processor Improved Targeting Computer Protection Hardened Light Armor Plating Weapon Assault Rifle Energy Gun Particle Gun Ballistic Gun Assault Rifle Ballistic Cannon Light Cannon Launcher Rocket Launcher Special Weapon Mining Laser Impact Weapon Maul Slashing Weapon Mining Claw Build | -11 -10 -10 -9 -9 ------- Run | Yrd Mat Min Mat Min Slots Evolved 2 | . . . 2 . Power . | . . . . . Propulsion 1 | . . . 1 . Utility 1 | . . . 1 . Weapon . | . . . . . Parts Attached 48 | 7 6 8 23 4 Power 3 | 1 . 1 1 . Engine 3 | 1 . 1 1 . Core . | . . . . . Reactor . | . . . . . Propulsion 12 | 2 . 3 7 . Treads . | . . . . . Leg 12 | 2 . 3 7 . Wheel . | . . . . . Hover . | . . . . . Flight . | . . . . . Utility 9 | 2 1 . 6 . Device 3 | 1 . . 2 . Storage 3 | 1 1 . 1 . Processor 2 | . . . 2 . Hackware . | . . . . . Protection 1 | . . . 1 . Artifact . | . . . . . Weapon 24 | 2 5 4 9 4 Energy Gun 3 | 1 . . 2 . Energy Cannon . | . . . . . Ballistic Gun 6 | 1 1 . 3 1 Ballistic Cannon 8 | . 2 2 2 2 Launcher 1 | . . . . 1 Special Weapon 1 | . 1 . . . Impact Weapon 1 | . . . 1 . Slashing Weapon 4 | . 1 2 1 . Piercing Weapon . | . . . . . Special Melee Weapon . | . . . . . Unidentified Prototypes 1 | . . . 1 . Parts Lost 12 | . . . 3 9 Power 1 | . . . . 1 Propulsion 4 | . . . 1 3 Utility 4 | . . . 2 2 Weapon 3 | . . . . 3 Highest Loss Streak 9 | . . . 2 9 To Critical Strikes . | . . . . . Average Slot Usage (%) 97 | . 100 100 98 47 Engine 11 | . 14 14 11 3 Leg 30 | . 28 28 32 11 Device 13 | . 14 14 14 6 Storage 12 | . 14 14 11 11 Processor 2 | . . . 4 . Protection 1 | . . . 1 4 Energy Gun 3 | . . . 5 . Ballistic Gun 8 | . 13 14 5 3 Ballistic Cannon 7 | . 9 1 8 3 Impact Weapon 1 | . . . 1 3 Slashing Weapon 3 | . 3 12 1 . Naked Turns . | . . . . . Heaviest Build 31 | 15 21 21 31 30 Greatest Support 30 | 20 20 20 30 30 Greatest Overweight (x) 1 | 1 1 1 1 . Average Overweight (x) . | . . . . . Largest Inventory Capacity 10 | 8 10 10 10 10 Average Capacity 9 | 7 9 10 10 10 Most Carried 10 | 6 10 10 10 10 Average Carried 9 | 3 9 9 9 9 Final Capacity 10 | 8 10 10 10 10 Final Carried 10 | 6 10 10 10 9 Class Distribution -------------------- 100% | Mutant Dominant Class ---------------- Mutant | -10/Materials Mutant | -10/Mines Mutant | -9/Materials Mutant | -9/Mines Resources | -11 -10 -10 -9 -9 ----------- Run | Yrd Mat Min Mat Min Matter Collected 887 | 268 77 145 397 . Remotely . | . . . . . Salvage Created 710 | 63 77 90 480 . Parts 56 | 11 7 4 33 1 Haulers Intercepted 2 | . . . 2 . Recyclers Shooed 1 | 1 . . . . Parts Field Recycled . | . . . . . Retrieved Matter . | . . . . . Parts Self-Destructed . | . . . . . Prevented . | . . . . . Kills | -11 -10 -10 -9 -9 ------- Run | Yrd Mat Min Mat Min Combat Hostiles Destroyed 22 | . 4 2 15 1 Melee 3 | . 2 . 1 . Guns 8 | . . 1 7 . Cannons 11 | . 2 1 7 1 Classes Destroyed 7 | 1 2 . 3 1 Tunneler 4 | 4 . . . . Hauler 2 | . . . 2 . Swarmer 9 | . 3 . 6 . Grunt 9 | . 1 2 6 . Duelist 1 | . . . 1 . Sentry 2 | . . . 2 . Demolisher 1 | . . . . 1 Best Kill Streak 3 | 2 3 2 3 1 Combat Bots Only 3 | . 3 2 3 1 Max Kills in Single Turn 1 | 1 1 1 1 1 Gunslinging . | . . . . . Exploded . | . . . . . Melee 1 | . 1 . 1 . Uniques/NPCs Destroyed . | . . . . . Combat | -11 -10 -10 -9 -9 -------- Run | Yrd Mat Min Mat Min Hostile Shots Fired 137 | . 28 6 70 33 Missed 30 | . 7 4 17 2 Damage Taken 2147 | . 169 134 552 1292 Core 461 | . 23 14 78 346 Absorbed by Shields 49 | . . . 49 . Core Remaining (%) 92 | 100 . 85 . . Volleys Fired 78 | 9 7 4 50 8 Largest 2 | 2 2 2 2 2 Hottest 104 | 70 100 55 104 78 Shots Fired 135 | 17 10 8 87 13 Gun 77 | 17 4 4 50 2 Cannon 55 | . 5 4 37 9 Launcher 2 | . . . . 2 Special 1 | . 1 . . . Kinetic 89 | 8 9 8 53 11 Thermal 44 | 9 1 . 34 . Explosive 2 | . . . . 2 Electromagnetic . | . . . . . Robot Hit Streak 7 | 4 3 5 7 2 Robot Miss Streak 6 | 2 1 1 6 2 Penetration Max . | . . . . . Secondary Targets . | . . . . . Shots Hit Robots 79 | 9 10 7 48 5 Core Hits 33 | 4 4 4 19 2 Critical Kills 1 | . . . 1 . Critical Parts Destroyed . | . . . . . Critical Strikes 2 | . . . 2 . Blast 1 | . . . 1 . Smash 1 | . . . 1 . Melee Attacks 25 | . 7 3 15 . Impact 7 | . . . 7 . Slashing 18 | . 7 3 8 . Piercing . | . . . . . Sneak Attacks 2 | . 1 . 1 . Combat Hostiles . | . . . . . Follow-up Attacks . | . . . . . Damage Inflicted 1588 | 147 230 124 913 174 Guns 570 | 147 13 42 368 . Cannons 646 | . 70 32 415 129 Explosions 45 | . . . . 45 Melee 317 | . 144 50 123 . Ramming 10 | . 3 . 7 . Kinetic 867 | 71 83 74 510 129 Thermal 349 | 76 . . 273 . Explosive 45 | . . . . 45 Electromagnetic . | . . . . . Impact 79 | . . . 79 . Slashing 238 | . 144 50 44 . Piercing . | . . . . . Highest Corruption . | . . . . . Average Corruption . | . . . . . Corruption Purged . | . . . . . Corruption Blocked . | . . . . . Overload Shots . | . . . . . Overflow Damage 37 | . 13 . 24 . Projectiles . | . . . . . Explosions . | . . . . . Melee 37 | . 13 . 24 . Knockbacks 10 | . 1 1 4 4 Impact . | . . . . . Kinetic 10 | . 1 1 4 4 Secondary . | . . . . . Self-Inflicted Damage . | . . . . . Shots . | . . . . . Rammed . | . . . . . Targets Rammed 2 | . 1 . 1 . Kicked 2 | . 1 . 1 . Crushed . | . . . . . Highest Temperature 233 | 28 20 5 233 30 Average Temperature 44 | 11 8 5 55 16 Received Heat Transfer 148 | . 6 30 112 . Siege Activations . | . . . . . Robots Corrupted . | . . . . . Combat Hostiles . | . . . . . Parts Fried . | . . . . . Impact Corruptions . | . . . . . Robots Melted . | . . . . . Combat Hostiles . | . . . . . Parts Melted . | . . . . . Heat Transferred 851 | 222 . . 629 . Parts Sabotaged . | . . . . . Parts Stolen . | . . . . . Parts Stripped . | . . . . . Power Chain Reactions . | . . . . . Alert | -11 -10 -10 -9 -9 ------- Run | Yrd Mat Min Mat Min Peak Influence 247 | 20 186 95 247 100 Initial 96 | . 13 7 37 96 Average 93 | 7 70 83 117 72 Maximum Alert Level 1 | . 1 . 1 . Low Security (%) 87 | 100 99 100 76 100 Level 1 12 | . . . 23 . Level 2 . | . . . . . Level 3 . | . . . . . Level 4 . | . . . . . Level 5 . | . . . . . High Security . | . . . . . Max Security . | . . . . . Squads Dispatched 3 | . . . 3 . Investigation 1 | . . . 1 . Extermination . | . . . . . Reinforcement 2 | . . . 2 . Assault . | . . . . . Garrison . | . . . . . Intercept . | . . . . . Searches Triggered . | . . . . . Construction Impeded . | . . . . . Haulers Reinforced . | . . . . . Active Scanning Responses . | . . . . . Cargo Convoy Interrupts . | . . . . . Stealth | -11 -10 -10 -9 -9 --------- Run | Yrd Mat Min Mat Min Distress Signals 4 | . 3 . 1 . Communications Jammed . | . . . . . Distress Signals . | . . . . . Times Spotted 41 | . 12 5 22 2 Peak Tracking Total 7 | . 4 2 7 2 Tactical Retreats 5 | . 1 . 4 . Traps | -11 -10 -10 -9 -9 ------- Run | Yrd Mat Min Mat Min Traps Triggered 2 | . . . 2 . Indirectly . | . . . . . Trap Hack Attempts . | . . . . . Triggered . | . . . . . Disarmed . | . . . . . Reprogrammed . | . . . . . Reused . | . . . . . Traps Extracted . | . . . . . Installed . | . . . . . Triggered . | . . . . . Machines | -11 -10 -10 -9 -9 ---------- Run | Yrd Mat Min Mat Min Machines Disabled 4 | . . 1 3 . Max in Single Turn 1 | . . 1 1 . Machines Repaired . | . . . . . Machines Dismantled . | . . . . . Machines Sabotaged . | . . . . . Overloaded Fab Kills . | . . . . . Hacking | -11 -10 -10 -9 -9 --------- Run | Yrd Mat Min Mat Min Machines Accessed 6 | . 1 . 5 . Terminals 5 | . 1 . 4 . Fabricators . | . . . . . Repair Stations . | . . . . . Recycling Units . | . . . . . Scanalyzers 1 | . . . 1 . Garrison Access . | . . . . . Total Hacks 17 | . 3 . 14 . Successful 7 | . 2 . 5 . Failed 10 | . 1 . 9 . Catastrophic 2 | . . . 2 . Database Lockouts . | . . . . . Manual 8 | . . . 8 . Terminals 16 | . 3 . 13 . Fabricators . | . . . . . Repair Stations . | . . . . . Recycling Units . | . . . . . Scanalyzers 1 | . . . 1 . Garrison Access . | . . . . . Terminal Hacks 7 | . 2 . 5 . Record 2 | . . . 2 . Dispatch Records 2 | . 1 . 1 . Maintenance Status 1 | . 1 . . . Investigation Status 1 | . . . 1 . Hauler Manifests 1 | . . . 1 . Fabricator Hacks . | . . . . . Repair Station Hacks . | . . . . . Recycling Unit Hacks . | . . . . . Scanalyzer . | . . . . . Garrison Access Hacks . | . . . . . Unauthorized Hacks . | . . . . . Terminals . | . . . . . Fabricators . | . . . . . Repair Stations . | . . . . . Recycling Units . | . . . . . Scanalyzers . | . . . . . Garrison Access . | . . . . . Data Cores Recovered . | . . . . . Used . | . . . . . Hacking Detections 6 | . 1 . 5 . Full Trace Events 2 | . 1 . 1 . Feedback Events . | . . . . . Feedback Blocked . | . . . . . Robot Schematics Acquired . | . . . . . Robots Built . | . . . . . Authchips . | . . . . . Time . | . . . . . Total Robot Build Rating . | . . . . . Part Schematics Acquired . | . . . . . Parts Built . | . . . . . Authchips . | . . . . . Time . | . . . . . Total Part Build Rating . | . . . . . Parts Repaired . | . . . . . Time . | . . . . . Parts Recycled . | . . . . . Recycled Matter . | . . . . . Retrieved Matter . | . . . . . Retrieved Components . | . . . . . Parts Scanalyzed . | . . . . . Part Schematics Acquired . | . . . . . Parts Damaged . | . . . . . Bothacking | -11 -10 -10 -9 -9 ------------ Run | Yrd Mat Min Mat Min Used RIF Installer . | . . . . . Robots Hacked . | . . . . . Non-combat . | . . . . . Combat . | . . . . . Robot Hacks Applied . | . . . . . Relay Couplers Released . | . . . . . Fabnet Peak Effective % . | . . . . . Robots Rewired . | . . . . . Allies Hacked . | . . . . . Hacks Repelled . | . . . . . Allies | -11 -10 -10 -9 -9 -------- Run | Yrd Mat Min Mat Min Total Allies 3 | . . 3 . . Largest Group 3 | . . 3 1 . Highest-Rated Group 40 | . . 40 16 . Highest-Rated Ally 16 | . . 16 16 . Total Orders . | . . . . . Ally Attacks 10 | . . 7 3 . Total Damage 105 | . . 87 18 . Kills 1 | . . 1 . . Allies Corrupted . | . . . . . Allies Melted . | . . . . . Intel | -11 -10 -10 -9 -9 ------- Run | Yrd Mat Min Mat Min Robot Analysis Total . | . . . . . Derelict Logs Recovered . | . . . . . Drone Launches . | . . . . . Drone Recoveries . | . . . . . Exploration | -11 -10 -10 -9 -9 ------------- Run | Yrd Mat Min Mat Min Turns Passed 1904 | 118 453 253 1007 73 Spaces Moved 1049 | 65 250 178 545 11 Core 6 | 6 . . . . Treads . | . . . . . Legs 1043 | 59 250 178 545 11 Wheels . | . . . . . Hover . | . . . . . Flight . | . . . . . Fastest Speed 50 | 50 120 120 120 120 Average Speed 127 | 114 152 120 120 120 Slowest Speed 190 | 120 190 190 190 120 Overloaded Moves . | . . . . . Propulsion Burnouts . | . . . . . Robots Hopped . | . . . . . Cave-ins Triggered . | . . . . . Exploration Rate (%) 29 | 4 44 47 41 11 Regions Visited 4 Branch Regions 2 Pre-discovered Areas . | . . . . . Known Exits Taken . | . . . . . Unknown Exits Taken 4 | 1 1 1 1 . Scrap Searched . | . . . . . Spaces Dug 9 | . 2 . 7 . Terrain Destroyed 26 | . 2 . 8 16 Melee 8 | . 1 . 7 . Projectile 3 | . 1 . 1 1 AOE 15 | . . . . 15 Terrain Rammed . | . . . . . Walls Destroyed . | . . . . . Machines Disabled . | . . . . . Actions | -11 -10 -10 -9 -9 --------- Run | Yrd Mat Min Mat Min Total 1425 | 88 298 203 779 57 Wait 164 | . 9 4 117 34 Move 1045 | 64 249 177 544 11 Hop . | . . . . . Pick Up 34 | 7 11 2 14 . Fast Attach 13 | 7 1 . 5 . Attach 7 | . . . 6 1 Detach . | . . . . . Swap 28 | . 5 8 12 3 Drop 29 | 1 8 5 15 . Fire 78 | 9 7 4 50 8 Melee 25 | . 7 3 15 . Ram . | . . . . . Kick 2 | . 1 . 1 . Crush . | . . . . . Escape Stasis . | . . . . . Rewire . | . . . . . Trap . | . . . . . Miscellaneous . | . . . . . Route ------- -11/Scrapyard -10/Materials (discovered 2 exits: *Mat / [*Min]) -10/Mines -9/Materials -9/Mines History --------- Turn | Location | Event 22 | -11/Scrapyard | Discovered new exit (range 16) 119 | -11/Scrapyard | Entered Materials 301 | -10/Materials | Build established: Mutant 416 | -10/Materials | Discovered new exit (range 9) 480 | -10/Materials | Discovered new exit (range 8) 572 | -10/Materials | Entered Mines 579 | -10/Mines | Met a Derelict bent on vengeance 651 | -10/Mines | Assisted by bots powering up and referring to "LRC-V3" 779 | -10/Mines | Discovered new exit (range 14) 802 | -10/Mines | Found a hidden stash of uninstalled traps 825 | -10/Mines | Entered Materials 825 | -9/Materials | Accompanied by 1 ally 825 | -9/Materials | Evolved 2 slots: Propulsion x1, Utility x1 1782 | -9/Materials | Discovered new exit (range 11) 1832 | -9/Materials | Entered Mines 1833 | -9/Mines | Assembled infested the area 1864 | -9/Mines | Core integrity fell below 50% 1892 | -9/Mines | Core integrity fell below 20% 1905 | -9/Mines | Destroyed by D-53 Grenadier with Mini Grenade Launcher Last Messages --------------- 01892_ U-05 Engineer lays Concrete. 01893_ K-01 Serf collects debris. 01893_ U-05 Engineer lays Concrete. 01894_ U-05 Engineer builds a Wall. 01894_ K-01 Serf collects debris. 01895_ The unstable cave ceiling collapses. 01895_ U-05 Engineer lays Concrete. 01897_ K-01 Serf collects debris. 01897_ U-05 Engineer lays Concrete. 01898_ K-01 Serf collects debris. 01899_ U-05 Engineer lays Concrete. 01900_ T-07 Excavator destroyed. 01901_ K-01 Serf collects debris. 01901_ U-05 Engineer lays Concrete. 01902_ K-01 Serf collects debris. 01904_ The unstable cave ceiling collapses. 01904_ U-05 Engineer lays Concrete. 01905_ The unstable cave ceiling collapses. 01905_ U-05 Engineer lays Concrete. 01905_ K-01 Serf collects debris. Map ----- +----------------------------------------------------+ | | | | | | | ?????????????????????????????????????????????????? | | ?????????????????????????????????????????????????? | | ?????????????????????????????????????????????????? | | ?????????????????????????????????????????????????? | | ?????????????????????????????????????????????????? | | ?????????????????????????????????????????????????? | | ?????????????????????????????????????????????????? | | ?????????????????????????????????????????????????? | | ?????????????????????????????????????????????????? | | ?????????????????????????????????????????????????? | | ?????????????????????????????????????????????????? | | ?????????????????????????????????????????????????? | | ??????????????????????????##?????????????????????? | | ?????????????????????????? ?????????????????????? | | ?????????????????????????? #?????????????????????? | | ?????????????????????????? #?????????????????????? | | ?????????????????????????? #?????????????????????? | | ??????????????????????#### ##????????????????????? | | ?????????????????????## #####????????????????? | | ????????????????????## # ###??????????????? | | ?????????????#####??# # #??????????????? | | ????????????## #### =%= k #??????????????? | | ???????????## ## @ ! % ###????????? | | ???????????# # %d u ????????? | | ???????????# ku ????????? | | ???????????# ?????????? | | ???????????# #### ## ?????????? | | ???????????# ???###### ## ### #??????????? | | ???????????# ????????###??# ##??????????????? | | ???????????# ?????????????? #???????????????? | | ???????????# ?????????????? #???????????????? | | ???????????# ??????????????? #???????????????? | | ???????????# ???????????????? k ???????????????? | | ???????????# ????????????????? ??????????????? | | ???????????# ????????????????? ??????????????? | | ???????????# ?????????????????? ????????????????? | | ???????????# ????????????????????????????????????? | | ??????????? ?????????????????????????????????????? | | ?????????????????????????????????????????????????? | | ?????????????????????????????????????????????????? | | ?????????????????????????????????????????????????? | | ?????????????????????????????????????????????????? | | ?????????????????????????????????????????????????? | | ?????????????????????????????????????????????????? | | ?????????????????????????????????????????????????? | | ?????????????????????????????????????????????????? | | ?????????????????????????????????????????????????? | +----------------------------------------------------+ Best States ------------- Heat Dissipation 28 Energy Generation 14 Energy Capacity 280 Matter Stores 300 Matter Capacity 300 Sight Range 16 Robot Scan Range 14 Terrain Scan Density 10 Armor Coverage 150 Evasion (%) 55 Targeting Accuracy 6 Item Schematics ----------------- None Robot Schematics ------------------ None Fabricated ------------ Nothing Alien Tech Used ----------------- None Achievements -------------- None Challenges ------------ None Game ------ Seed PrecisionSpreadBank Manual? 0 Play Time 00:39:33 Cumulative 14.1 hours Start 2024.06.19 @ 21:34:16 End 2024.06.19 @ 22:15:22 Sessions 1 Manual Loads 0 Difficulty Rogue Special Mode None Game No. 6 Rogue 6 Adventurer 0 Explorer 0 Win Type - Total 1 Types 1/0/0/0/0/0/0/0/0 Lore% 7 Gallery% 24 Achievement% 23 Wizard Run 0 Options --------- Layout 1 ASCII 0 Keyboard 0 Movement Numpad Keybinds 0 Fullscreen 1 Font 24/Smallcaps Map View 50x35 Zoom Use 0% Tactical HUD 1 Map Filters NONE Filters NONE Steam 1 RUN: fdc1e111-1c65-40f1-8c5f-bcc4191200b5